 Dungeon Crawl Stone Soup version 0.29.1-2-gbd0b4ee654 (webtiles) character file.

Game seed: 13859927079355978448

3 nicanaca0 the Digger (level 1, 16/16 HPs)
             Began as a Troll Earth Elementalist on Nov 19, 2022.
             Quit the game on level 1 of the Dungeon on Nov 20, 2022.
             The game lasted 00:03:07 (90 turns).

nicanaca0 the Digger (Troll Earth Elementalist)       Turns: 90, Time: 00:03:07

Health: 16/16      AC:  4    Str: 15    XL:     1   Next: 41%
Magic:  1/1        EV:  9    Int: 11    God:
Gold:   5          SH:  0    Dex: 10    Spells: 1/2 levels left

rFire   . . .      SeeInvis .   (no weapon)
rCold   . . .      Faith    .   (no shield)
rNeg    . . .      Spirit   .   a - +0 robe
rPois   .          Reflect  .   (helmet restricted)
rElec   .          Harm     .   (no cloak)
rCorr   .          Rampage  .   (gloves unavailable)
Will    .....                   (boots unavailable)
Stlth   +.........              (no amulet)
HPRegen 0.85/turn               (no ring)
MPRegen 0.07/turn               (no ring)

@: no status effects
A: large, unfitting armour, claws 3, regeneration 1, shaggy fur 1, tough skin 1
a: no special abilities


You were on level 1 of the Dungeon.
You visited 1 branch of the dungeon, and saw 1 of its levels.

You collected 5 gold pieces.

Inventory:

Armour
 a - a +0 robe (worn)
Scrolls
 d - a scroll of identify {unknown}
 e - a scroll of teleportation {unknown}
Potions
 b - a potion of magic
 c - a potion of brilliance {unknown}


   Skills:
 - Level 1.6 Dodging
 - Level 1.0 Stealth
 + Level 1.3 Spellcasting
 - Level 0.6 Transmutations
 * Level 2.8 Earth Magic


You had one spell level left.
You knew the following spells:

 Your Spells              Type           Power      Damage    Failure   Level
a - Sandblast             Erth           12%        2d6       10%         1

Your spell library contained the following spells:

 Spells                   Type           Power      Damage    Failure   Level
 Passwall                 Tmut/Erth      3%         N/A       24%         2
 Stone Arrow              Conj/Erth      6%         3d7       47%         3
 Petrify                  Tmut/Erth      4%         N/A       83%         4


Dungeon Overview and Level Annotations

Branches:
Dungeon (1/15)

Altars:

Shops:
D:1 *


Innate Abilities, Weirdness & Mutations

You are too large for most types of armour.
You have claws for hands.
Your natural rate of healing is unusually fast.
You are covered in fur. (AC +1)
You have tough skin. (AC +1)


Message History

You don't know that spell.
Okay, then.
Found a stone staircase leading down.
d - a scroll labelled DAMALLOFFA
e - a scroll labelled JOEQAS MAHUNT You now have 5 gold pieces.
Found a falchion.
Found a stone staircase leading down.
A goblin comes into view. It is wielding a +0 dagger.
Found Dyfacs's General Store.
The goblin shouts!
You see here 5 gold pieces.
The blast of sand hits the goblin.
You kill the goblin!
No target in view!
A hobgoblin comes into view.
A hobgoblin is nearby!
The hobgoblin shouts!
The hobgoblin barely misses you.
You see here a +0 dagger.
You closely miss the hobgoblin. The hobgoblin barely misses you.
A hobgoblin is nearby!
You barely miss the hobgoblin.
The hobgoblin hits you but does no damage.
A hobgoblin is nearby!
You scratch the hobgoblin.
The hobgoblin is severely wounded.
The hobgoblin hits you.
A hobgoblin is nearby!
You scratch the hobgoblin.
The hobgoblin is almost dead.
The hobgoblin closely misses you.
A hobgoblin is nearby!
The hobgoblin hits you but does no damage.
A hobgoblin is nearby!
You closely miss the hobgoblin. You claw the hobgoblin.
You kill the hobgoblin!
There is an entrance to Dyfacs's General Store here.
There is a fountain of clear blue water here.
Are you sure you want to abandon this character and quit the game? (Confirm with "yes".)

..###
#..####.###.........###
.....
.....#...>.##.......#
..###
............##).#..#...
.....
...........⌠.†...)....
###..
..........∩.####....
.... .........⌠.⌠.#
#... ...#
...?......##........
##... ..........###.###
.. .. .......@......# .
. ..........##### .
........### ........#
........# ........#
........# ........#


There were no monsters in sight!

Vanquished Creatures
  A goblin (D:1)
  A hobgoblin (D:1)
  A bat (D:1)
  A toadstool (D:1)
4 creatures vanquished.

Notes
Turn   | Place    | Note
-------+----------+-------------------------------------------
     0 | D:1      | nicanaca0 the Troll Earth Elementalist began the quest for
                  | the Orb.
     0 | D:1      | Reached XP level 1. HP: 16/16 MP: 1/1
    68 | D:1      | Found Dyfacs's General Store.
    90 | D:1      | Quit the game

Illustrated notes

Levels and vault maps discovered:
D:1:      ldierk_water_garden, layout_rooms, serial_shops, shop_fountains,
          minmay_misc_feat_five

Action                   || total
-------------------------++-------
Melee: Unarmed           ||     6
       Punch             ||     1
 Cast: Sandblast         ||     2
Armor: Robe              ||     2
Dodge: Dodged            ||     3
